 Dungeon Crawl Stone Soup version 0.28.0 (webtiles) character file.

Game seed: 7867199607323607223

1728 KamiKatze the Thaumaturge (level 8, -1/41 HPs)
             Began as a Deep Elf Conjurer on Feb 7, 2022.
             Was a Follower of Vehumet.
             Slain by a phantom (6 damage)
             ... on level 6 of the Dungeon.
             The game lasted 00:25:09 (5504 turns).

KamiKatze the Thaumaturge (Deep Elf Conjurer)       Turns: 5504, Time: 00:25:09

Health: -1/41      AC:  2    Str:  4    XL:     8   Next: 76%
Magic:  1/22       EV: 12    Int: 26    God:    Vehumet [*.....]
Gold:   248        SH:  0    Dex: 13    Spells: 12/23 levels left

rFire   . . .      SeeInvis .   k - +0 rapier (chaos)
rCold   . . .      Faith    .   (no shield)
rNeg    . . .      Spirit   .   a - +0 robe
rPois   .          Reflect  .   (no helmet)
rElec   .          Harm     .   (no cloak)
rCorr   .          Rampage  .   (no gloves)
Will    .....                   (no boots)
Stlth   ++........              (no amulet)
HPRegen 0.13/turn               (no ring)
MPRegen 0.18/turn               (no ring)

@: no status effects
A: no striking features
a: Renounce Religion


You were on level 6 of the Dungeon.
You worshipped Vehumet.
Vehumet was aware of your devotion.
You visited 2 branches of the dungeon, and saw 7 of its levels.
You also visited: Sewer.

You collected 248 gold pieces.

Inventory:

Hand Weapons
 k - a +0 rapier of chaos (weapon)
Missiles
 d - 91 stones (quivered)
Armour
 a - a +0 robe (worn)
 b - an orb of guile
Scrolls
 l - a scroll of fear {unknown}
 m - a scroll of fog {unknown}
Potions
 c - a potion of might
 e - 2 potions of attraction
 f - a potion of berserk rage
 g - 2 potions of flight {unknown}
 h - a potion of haste
 i - 2 potions of curing {unknown}


   Skills:
 - Level 3.0 Dodging
 - Level 3.0 Stealth
 + Level 8.2 Spellcasting
 + Level 7.8 Conjurations
 + Level 6.6 Hexes
 + Level 5.4 Translocations


You had 12 spell levels left.
You knew the following spells:

 Your Spells              Type           Power      Damage    Failure   Level
a - Magic Dart            Conj           100%       1d8       1%          1
b - Searing Ray           Conj           100%       2d8       1%          2
c - Fulminant Prism       Conj/Hex       24%        3d13      2%          4
d - Iskenderun's Mystic   Conj/Tloc      45%        2d10      3%          4

Your spell library contained the following spells:

 Spells                   Type           Power      Damage    Failure   Level
 Foxfire                  Conj/Fire      100%       2x1d9     1%          1
 Apportation              Tloc           76%        N/A       1%          1
 Static Discharge         Conj/Air       31%        N/A       1%          2
 Dazzling Flash           Conj/Hex       96%        N/A       1%          3
 Scorch                   Fire           20%        2d6       9%          2
 Flame Wave               Conj/Fire      31%        2d8       11%         4
 Lightning Bolt           Conj/Air       15%        1d29      30%         5
 Alistair's Intoxication  Tmut/Pois      6%         N/A       83%         5
 Summon Cactus Giant      Summ           5%         N/A       100%        6
 Maxwell's Capacitive Co  Air            5%         ∞         100%        8


Dungeon Overview and Level Annotations

Branches:
Dungeon (6/15)             Temple (1/1) D:4           Sewer (visited)

Altars:
Dithmenos
Elyvilon
Fedhas
Gozag
Kikubaaqudgha
Nemelex Xobeh
Qazlal
Trog
Uskayaw
Vehumet
Xom
Yredelemnul
Zin

Shops:
D:4 *

Annotations:
D:2 1 exclusion
D:4 1 runed translucent door, exclusion: door, hitsuchi's ghost, amateur DDFi
D:5 Sigmund


Message History

You don't have enough magic to cast this spell.
Unknown command.
Casting: Fulminant Prism (dangerous; 2% risk of failure)
Confirm with . or Enter, or press ? or * to list all spells.
Aiming: Magic Dart (safe; 1% risk of failure)
Press: ? - help, Shift-Dir - straight line, f - phantom
Aim: a phantom (severely damaged, 100% to hit)
The magic dart hits the phantom.
The phantom is almost destroyed.
The phantom barely misses you.
Unknown command.
You hit the phantom but do no damage.
The phantom is almost destroyed.
The phantom hits you!
The phantom blinks!
You blink.
A white imp comes into view.
You closely miss the phantom.
The phantom is almost destroyed.
The phantom hits you! The phantom hits you.
The phantom blinks!
You blink.
You barely miss the phantom.
The phantom is almost destroyed.
The phantom completely misses you. The white imp gestures at you.
The puff of frost hits you.
* * * LOW HITPOINT WARNING * * *
You closely miss the phantom.
The phantom is almost destroyed.
The phantom misses you.
The white imp shouts, "Scamper hence, thou skyhacking nut-hook serf!"
The white imp gestures at you. The puff of frost hits you!
* * * LOW HITPOINT WARNING * * *
The phantom hits you.
* * * LOW HITPOINT WARNING * * *
The phantom blinks!
You blink.
As you read the scroll labelled OZXISHR ILESA, it crumbles to dust.
It is a scroll of brand weapon.
Your +0 rapier erupts in a glittering mayhem of colour.
k - a +0 rapier of chaos (weapon)
The phantom hits you.
You die...

######.....≈≈≈≈≈.≈≈≈≈
####...........
#..≈≈≈≈≈.≈≈
#..≈###5.≈# #..≈#
#≈.≈# #.)≈###≈:≈###≈.
#..≈≈≈§≈.≈≈≈≈≈.
#.....§........
#@W............
###############


You could see a phantom.

Vanquished Creatures
  A troll (D:5)
  Duvessa (D:5)
  3 black bears
  Pargi (Sewer)
  2 ogres
  2 scorpions (D:5)
  Dowan (D:5)
  A vampire bat (D:3)
  A bullfrog zombie (D:4)
  2 jellies
  2 hounds
  An orc priest (D:5)
  A gnoll shaman (D:4)
  2 orc wizards
  An iguana (D:5)
  A hound skeleton (D:5)
  8 gnolls (D:4)
  10 adders
  2 shadow imps (D:5)
  An ufetubus (D:5)
  2 worms (D:3)
  3 fire bats (D:3)
  5 orcs
  2 spectral bats (D:3)
  3 bat skeletons (D:3)
  A bat zombie (D:3)
  15 endoplasms
  6 giant cockroaches
  8 goblins
  3 hobgoblins
  6 jackals
  8 quokkas
  4 ball pythons
  13 bats
  A bat simulacrum (D:3)
  2 frilled lizards (D:1)
  A goblin skeleton (D:5)
  A hobgoblin zombie (D:5)
  11 kobolds
  An orc skeleton (D:5)
  6 rats
146 creatures vanquished.

Vanquished Creatures (others)
  14 fulminant prisms
  A fungus (D:3)
  9 toadstools (D:3)
24 creatures vanquished.

Grand Total: 170 creatures vanquished

Notes
Turn   | Place    | Note
-------+----------+-------------------------------------------
     0 | D:1      | KamiKatze the Deep Elf Conjurer began the quest for the
                  | Orb.
     0 | D:1      | Reached XP level 1. HP: 10/10 MP: 6/6
   172 | D:1      | Reached XP level 2. HP: 13/15 MP: 2/8
   296 | D:1      | Learned a level 2 spell: Searing Ray
   953 | D:2      | Found a blossoming altar of Fedhas.
  1258 | D:2      | Reached XP level 3. HP: 19/19 MP: 5/10
  1387 | D:2      | Found a faded altar of an unknown god.
  1806 | D:3      | Reached skill level 4 in Spellcasting
  1828 | D:3      | Reached skill level 5 in Conjurations
  1935 | D:3      | Reached XP level 4. HP: 17/24 MP: 1/12
  2075 | D:3      | Found a glowing drain.
  2081 | Sewer    | Entered a sewer
  2145 | Sewer    | Noticed Pargi
  2152 | Sewer    | Learned a level 4 spell: Fulminant Prism
  2157 | Sewer    | Learned a level 4 spell: Iskenderun's Mystic Blast
  2173 | Sewer    | Killed Pargi
  2174 | Sewer    | Reached skill level 5 in Spellcasting
  2174 | Sewer    | Reached skill level 1 in Hexes
  2174 | Sewer    | Reached skill level 1 in Translocations
  2174 | Sewer    | Reached XP level 5. HP: 5/28 MP: 2/14
  3249 | D:3      | Reached XP level 6. HP: 31/32 MP: 9/16
  3643 | D:4      | Found a staircase to the Ecumenical Temple.
  3681 | Temple   | Entered the Ecumenical Temple
  3815 | Temple   | Became a worshipper of Vehumet
  3906 | D:4      | Found an opulent altar of Gozag.
  3912 | D:4      | Found Gozag's Platinum Reserve.
  3952 | D:4      | Reached skill level 6 in Spellcasting
  3952 | D:4      | Reached XP level 7. HP: 21/36 MP: 12/18
  4225 | D:4      | Found a runed translucent door.
  4226 | D:4      | Noticed hitsuchi's ghost (amateur DDFi)
  4443 | D:4      | Found Cuikenu's Serpentskin Sales.
  4671 | D:5      | Entered Level 5 of the Dungeon
  4729 | D:5      | Found a shimmering altar of Xom.
  4729 | D:5      | Noticed Duvessa
  4729 | D:5      | Noticed Dowan
  4739 | D:5      | Killed Duvessa
  4740 | D:5      | Reached skill level 7 in Spellcasting
  4740 | D:5      | Reached skill level 5 in Hexes
  4740 | D:5      | Reached XP level 8. HP: 38/41 MP: 6/20
  4740 | D:5      | Noticed a troll
  4968 | D:5      | Killed a troll
  5157 | D:5      | Killed Dowan
  5260 | D:5      | Found an ancient bone altar of Kikubaaqudgha.
  5271 | D:5      | Reached * piety under Vehumet
  5271 | D:5      | Offered knowledge of Foxfire by Vehumet.
  5275 | D:5      | Reached skill level 5 in Translocations
  5332 | D:5      | Reached skill level 8 in Spellcasting
  5446 | D:5      | Noticed Sigmund
  5504 | D:6      | Slain by a phantom

Illustrated notes

Levels and vault maps discovered:
D:1:      minmay_arrival_loop, layout_loops_ring
D:2:      layout_basic, basic_altar, hellmonk_ecumenical_altar_slurped_away,
          serial_corexii_hall, corexii_hall_statues_s, corexii_hall_statues_l,
          chequers_hall_statues_y, lightli_corner_chamber
D:3:      cheibrodos_fertilizer, layout_loops_ring, gup_sewer_entry_bubbles,
          goddamned_bats
D:4:      layout_loops_ring, nicolae_gozag_zags_fifth_avenue,
          minmay_temple_entry_junction, ebering_ghost_sewer_d, st_stairs_14,
          guppyfry_shop_venom
D:5:      layout_cave_pools, nicolae_tso_besieged_by_evil,
          mainiacjoe_overflow_six_doors_small, brannock_xom_greatest_gift,
          overflow_temple_1_default, uniq_sigmund, uniq_crazy_yiuf_cottage,
          uniq_duvessa
D:6:      lemuel_slime, layout_loops_ring, makhleb_blood_cavern_becter,
          kennysheep_boxes
Temple:   nicolae_temple_figure_zero

Skill      XL: |  1  2  3  4  5  6  7  8 |
---------------+-------------------------+-----
Stealth        | 3 |  3.0
Dodging        | 3 |  3.0
Spellcasting   | 4 5 6 7 8 |  8.2
Conjurations   | 5 6 7 |  7.8
Hexes          | 1 2 3 5 6 |  6.6
Translocations | 1 2 4 5 |  5.4

Action                   |  1- 3 |  4- 6 |  7- 9 || total
-------------------------+-------+-------+-------++-------
Melee: Unarmed           |     1 |       |       ||     1
       Rapier            |       |    19 |    10 ||    29
 Cast: Magic Dart        |    60 |    55 |    22 ||   137
       Searing Ray       |     9 |    21 |    22 ||    52
       Fulminant Prism   |       |     1 |    13 ||    14
       Iskenderun's Myst |       |       |    11 ||    11
  Use: Scroll            |     1 |     2 |     1 ||     4
 Stab: Distracted        |       |     1 |       ||     1
Armor: Robe              |     1 |    18 |     3 ||    22
Dodge: Dodged            |    13 |    44 |    21 ||    78
